 Dungeon Sprint DCSS version 0.28-a0-941-g140ffa10cf (webtiles) character file.

Game seed: 5070867363704674808

800000 emperorscorpion the Tortoise (level 12, -17/106 HPs)
             Began as a Djinni Fighter on Nov 29, 2021.
             Demolished by a bag of meat (30 damage)
             ... in the Dungeon (Sprint VIII: "Arena of Blood").
             The game lasted 00:00:24 (8 turns).

emperorscorpion the Tortoise (Djinni Fighter)          Turns: 8, Time: 00:00:26

Health: -17/106    AC: 10    Str: 15    XL:     12   Next: 35%
Gold:   0          EV:  9    Int: 10    God:
                   SH:  0    Dex: 18

rFire   + + .      SeeInvis .   i - +∞ Axe of Woe
rCold   x . .      Faith    .   (shield currently unavailable)
rNeg    . . .      Spirit   .   a - +0 scale mail
rPois   ∞          Reflect  .   (no helmet)
rElec   .          Harm     .   (no cloak)
rCorr   .          Rampage  .   (no gloves)
Will    +....      NoTele   +   (boots unavailable)
Stlth   ..........              (no amulet)
HPRegen 0.27/turn               (no ring)
MPRegen 0.00/turn               (no ring)

@: flying
A: sickness immunity, fire resistance 2, cold vulnerability 1, float, innate
caster, hp casting, extra vitality 1
a: no special abilities


You were in the Dungeon.
You visited 1 branch

Inventory:

Hand Weapons
 i - the +∞ Axe of Woe (weapon)
   (You found it in the Dungeon)
Armour
 a - a +0 scale mail (worn)
 b - a +0 buckler
Scrolls
 h - a scroll of blinking
Potions
 c - a potion of might
 d - a potion of curing
 e - a potion of heal wounds
 f - a potion of haste
 g - a potion of berserk rage


   Skills:
 + Level 17.0 Fighting
 + Level 17.2 Armour
 + Level 16.7 Shields
 + Level 8.4 Unarmed Combat


You couldn't memorise any spells.
You knew the following spells:

 Your Spells              Type           Power      Damage    Failure   Level
a - Freeze                Ice            0%         1d3       67%         1
b - Blink                 Tloc           0%         N/A       80%         2
c - Tukima's Dance        Hex            0%         N/A       95%         3
d - Fulminant Prism       Conj/Hex       0%         3d6       100%        4
e - Yara's Violent Unrav  Hex/Tmut       0%         3d3       100%        5
Your spell library was empty.


Dungeon Overview and Level Annotations

Branches:
Dungeon (1/1)

Altars:
Makhleb


Innate Abilities, Weirdness & Mutations

You are immune to sickness and miasma.
You are immune to poison.
Your flesh is very heat resistant. (rF++)
You are vulnerable to cold. (rC-)
You float through the air rather than walking.
You learn spells naturally, not from books.
Your magical power is your life essence.
You have superior vitality. (+4 HP)


Message History

Your Fighting skill gained 14 levels and is now at level 17!
Your Armour skill gained 14 levels and is now at level 17!
Your Shields skill gained 13 levels and is now at level 16!
Your Unarmed Combat skill gained 6 levels and is now at level 8!
You have reached level 2!
You have reached level 3!
Your experience leads to an increase in your attributes!
Increase (S)trength, (I)ntelligence, or (D)exterity?
You feel agile.
The power to cast Freeze wells up from within.
Spell assigned to 'a'.
You have reached level 4!
You feel clever.
You have reached level 5!
The power to cast Blink wells up from within.
Spell assigned to 'b'.
You have reached level 6!
Your experience leads to an increase in your attributes!
Increase (S)trength, (I)ntelligence, or (D)exterity?
You feel agile.
You have reached level 7!
The power to cast Tukima's Dance wells up from within.
Spell assigned to 'c'.
You have reached level 8!
You feel agile.
You have reached level 9!
Your experience leads to an increase in your attributes!
Increase (S)trength, (I)ntelligence, or (D)exterity?
You feel agile.
The power to cast Fulminant Prism wells up from within.
Spell assigned to 'd'.
You have reached level 10!
You have reached level 11!
The power to cast Yara's Violent Unravelling wells up from within.
Spell assigned to 'e'.
You have reached level 12!
Your experience leads to an increase in your attributes!
Increase (S)trength, (I)ntelligence, or (D)exterity?
You feel agile. x2
Unknown command.
You slice the bag of meat!!
You fatally mangle the bag of meat.
You kill the bag of meat!
The bag of meat appears out of thin air!
A bag of meat comes into view. It is wielding a +9 war axe.
You hear a shout! x9
The bag of meat hits you with a +9 war axe!!
You die...

.. .. #. .# #..
..# .###..
..###.
......###......
....o_.....
#.....# #_o@)_#
#..)..#
..o.._.....
......###.o....
.###.. ..###.
#.. ..# #. .#
.. ..


You could see 4 bags of meat.

Vanquished Creatures
  An ogre (D)
  An orc (D)
2 creatures vanquished.

Notes
Turn   | Place    | Note
-------+----------+-------------------------------------------
     0 | D        | Found the +∞ Axe of Woe
     0 | D        | emperorscorpion the Djinni Fighter began the quest for the
                  | Orb.
     0 | D        | Reached XP level 1. HP: 20/20 MP: 0/0
     1 | D        | Noticed a bag of meat
     2 | D        | Noticed a bag of meat
     3 | D        | Noticed a meat berserker
     4 | D        | Noticed a bag of meat
     5 | D        | Noticed a bag of meat
     7 | D        | Killed a meat berserker
     8 | D        | Reached XP level 2. HP: 5/46 MP: 0/0
     8 | D        | Reached XP level 3. HP: 6/51 MP: 0/0
     8 | D        | Learned a level 1 spell: Freeze
     8 | D        | Reached XP level 4. HP: 7/58 MP: 0/0
     8 | D        | Reached XP level 5. HP: 7/64 MP: 0/0
     8 | D        | Learned a level 2 spell: Blink
     8 | D        | Reached XP level 6. HP: 8/70 MP: 0/0
     8 | D        | Reached XP level 7. HP: 9/76 MP: 0/0
     8 | D        | Learned a level 3 spell: Tukima's Dance
     8 | D        | Reached XP level 8. HP: 10/82 MP: 0/0
     8 | D        | Reached XP level 9. HP: 10/87 MP: 0/0
     8 | D        | Learned a level 4 spell: Fulminant Prism
     8 | D        | Reached XP level 10. HP: 11/94 MP: 0/0
     8 | D        | Reached XP level 11. HP: 12/100 MP: 0/0
     8 | D        | Learned a level 5 spell: Yara's Violent Unravelling
     8 | D        | Reached XP level 12. HP: 12/106 MP: 0/0
     8 | D        | Killed a bag of meat
     8 | D        | Demolished by a bag of meat

Illustrated notes

Levels and vault maps discovered:
D:        meatsprint

Skill      XL: |  1 |
---------------+----+-----
Fighting       | 17 | 17.0
Armour         | 17 | 17.2
Shields        | 16 | 16.7
Unarmed Combat | 8 |  8.4

Action                   |  1- 3 |  4- 6 |  7- 9 | 10-12 || total
-------------------------+-------+-------+-------+-------++-------
Melee: Executioner's axe |     1 |       |       |     1 ||     2

Table legend: (Time is in decaauts)
 A = Elapsed time spent in this place.
 B = Non-inter-level travel time spent in this place.
 C = Inter-level travel time spent in this place.
 D = Time resting spent in this place.
 E = Time spent auto-exploring this place.
 F = Levels seen in this place.
 G = Mean time per level.
                   A        B        C        D        E       F      G
               +--------+--------+--------+--------+--------+-----+--------+
         Total |      8 |      8 |      0 |      0 |      0 |   1 |    8.0 |
       Dungeon |      8 |      8 |      0 |      0 |      0 |   1 |    8.0 |
               +--------+--------+--------+--------+--------+-----+--------+

Top non-repeatable levels by time:
       D: 8 daAuts
